 Dungeon Crawl Stone Soup version 0.30-a0-269-gf0224bf7b6 (webtiles) character file.

Game seed: 2770058949866228835

63 funkygono the Firebug (level 4, -7/24 HPs)
             Began as a Gargoyle Fire Elementalist on Oct 14, 2022.
             Mangled by an orc
             ... wielding a +0 war axe
              (8 damage)
             ... on level 3 of the Dungeon.
             The game lasted 00:03:55 (2351 turns).

funkygono the Firebug (Gargoyle Fire Elementalist)  Turns: 2351, Time: 00:03:55

Health: -7/24      AC:  7    Str: 12    XL:     4   Next: 9%
Magic:  2/8        EV: 11    Int: 17    God:
Gold:   101        SH:  0    Dex: 10    Spells: 2/8 levels left

rFire   . . .      SeeInvis .    i - +0 mace
rCold   . . .      Faith    .    (no shield)
rNeg    + . .      Spirit   .    a - +0 robe
rPois   ∞          Reflect  .    (no helmet)
rElec   +          Harm     .    (no cloak)
rCorr   .          Rampage  .    (no gloves)
Will    .....                    l - +1 pair of boots
Stlth   ++........               (no amulet)
HPRegen 0.24/turn                (no ring)
MPRegen 0.11/turn                (no ring)

@: no status effects
A: sickness immunity, AC +3, negative energy resistance 1, electricity
resistance, torment resistance 1, petrification resistance
a: no special abilities


You were on level 3 of the Dungeon.
You visited 1 branch of the dungeon, and saw 3 of its levels.

You collected 101 gold pieces.

Inventory:

Hand Weapons
 i - a +0 mace (weapon)
Armour
 a - a +0 robe (worn)
 l - a +1 pair of boots (worn)
Magical Staves
 c - a staff of cold
Potions
 b - a potion of magic
 d - a potion of curing {unknown}
 e - 2 potions of brilliance
 f - a potion of ambrosia {unknown}
 g - a potion of mutation {unknown}


   Skills:
 * Level 0.2 Fighting
 + Level 1.5 Dodging
 - Level 2.1 Stealth
 * Level 2.6 Spellcasting
 * Level 2.0 Conjurations
 * Level 4.0 Fire Magic


You had 2 spell levels left.
You knew the following spells:

 Your Spells              Type           Power      Damage    Failure   Level
a - Foxfire               Conj/Fire      48%        2x1d6     5%          1
b - Scorch                Fire           30%        2d7       5%          2
c - Kindle Blastsparks    Fire/Tloc/Air  12%        2d11      30%         3

Your spell library contained the following spells:

 Spells                   Type           Power      Damage    Failure   Level
 Apportation              Tloc           4%         N/A       19%         1
 Necrotise                Necr           8%         1d4       19%         1
 Sting                    Tmut/Pois      8%         1d3       19%         1
 Summon Small Mammal      Summ           8%         N/A       19%         1
 Inner Flame              Hex/Fire       9%         N/A       24%         3
 Flame Wave               Conj/Fire      12%        2d6       45%         4


Dungeon Overview and Level Annotations

Branches:
Dungeon (3/15)

Altars:


Innate Abilities, Weirdness & Mutations

You are immune to sickness and miasma.
Your stone body is resilient. (AC +3)
You are immune to poison.
You resist negative energy. (rN+)
You are resistant to electric shocks. (rElec)
You are resistant to unholy torment.
You are immune to petrification.


Message History

The orc is heavily wounded.
The orc hits you with a +0 war axe! The orc hits you but does no damage.
You hit the orc.
The orc is severely wounded.
The orc hits you with a +0 war axe.
Casting: Foxfire (safe; 5% risk of failure)
Confirm with . or Enter, or press ? or * to list all spells.
You conjure some foxfire!
The orc hits you with a +0 war axe.
The orc hits your foxfire with a +0 war axe!
The orc misses your foxfire.
Unknown command.
The orc attacks as you move away! The orc hits you with a +0 war axe.
* * * LOW HITPOINT WARNING * * *
The orc hits your foxfire with a +0 war axe!
The orc misses your foxfire.
The foxfire hits the orc but does no damage.
The orc is severely wounded.
The orc attacks as you move away! The orc misses you.
The orc attacks as you move away! The orc hits you but does no damage.
The orc attacks as you move away! The orc misses you.
The orc attacks as you move away! The orc hits you but does no damage.
Things that are here:
a +0 club; an orc corpse
There is a stone staircase leading down here.
Casting: Foxfire (safe; 5% risk of failure)
Confirm with . or Enter, or press ? or * to list all spells.
You conjure some foxfire!
The orc misses you.
The orc hits your foxfire with a +0 war axe.
The foxfire hits the frilled lizard.
You kill the frilled lizard!
The foxfire hits the orc.
The orc is severely wounded.
The orc closely misses you. The orc attacks as you move away!
The orc barely misses you. The orc attacks as you move away!
The orc hits you with a +0 war axe!
* * * LOW HITPOINT WARNING * * *
The orc attacks as you move away! The orc hits you with a +0 war axe.
* * * LOW HITPOINT WARNING * * *
The orc attacks as you move away! The orc hits you with a +0 war axe!
You die...

.........# .
#.#....#
.........#..
#.#.##.#
....<.......
#......#
#........#..
####†####
#........#
#...)..#
##.#o#####
#.##>#.# #.#.#
#.##§#.#
#.l)#####
#o##.#.#
#..oo.o.#
#@##.#.#
#######o#
#......# #.#
########)###
#.###...####.#
#....lo.o....#
#####...######
#####


You could see an orc.

Vanquished Creatures
  An adder (D:3)
  A worm (D:2)
  3 dart slugs (D:1)
  4 orcs (D:3)
  3 endoplasms
  2 giant cockroaches (D:1)
  A goblin (D:2)
  5 hobgoblins
  4 kobolds (D:1)
  2 quokkas (D:1)
  A ball python (D:1)
  6 bats
  7 frilled lizards
  A rat (D:2)
41 creatures vanquished.

Vanquished Creatures (others)
  141 foxfires
  A fungus (D:1)
  A plant (D:1)
143 creatures vanquished.

Grand Total: 184 creatures vanquished

Notes
Turn   | Place    | Note
-------+----------+-------------------------------------------
     0 | D:1      | funkygono the Gargoyle Fire Elementalist began the quest
                  | for the Orb.
     0 | D:1      | Reached XP level 1. HP: 10/10 MP: 3/3
   147 | D:1      | Reached XP level 2. HP: 15/15 MP: 3/5
   150 | D:1      | Learned a level 2 spell: Scorch
   624 | D:1      | Found a faded altar of an unknown god.
   632 | D:1      | Got Plato's Directory of Pollution
   889 | D:1      | Reached XP level 3. HP: 19/19 MP: 3/6
   893 | D:1      | Learned a level 3 spell: Kindle Blastsparks
  2289 | D:3      | Reached skill level 4 in Fire Magic
  2290 | D:3      | Reached XP level 4. HP: 24/24 MP: 2/7
  2350 | D:3      | HP: 1/24 [orc/+0 war axe (2)]
  2351 | D:3      | Mangled by an orc

Illustrated notes

Levels and vault maps discovered:
D:1:      dpeg_arrival_arbitrary_c, layout_loops_cross,
          shapermc_ecumenical_altar_rom_forum
D:2:      layout_loops_corners
D:3:      layout_loops_cross, mainiacjoe_overflow_chevrons, serial_shops,
          shop_scrolls, kennysheep_pointless_box, uniq_ijyb,
          uniq_crazy_yiuf_cottage, uniq_robin

Skill      XL: |  1  2  3  4 |
---------------+-------------+-----
Fire Magic     | 4 |  4.0
Conjurations   | 2 |  2.0
Fighting       | |  0.2
Dodging        | |  1.5
Stealth        | |  2.1
Spellcasting   | |  2.6

Action                   |  1- 3 |  4- 6 || total
-------------------------+-------+-------++-------
Melee: Unarmed           |     9 |       ||     9
       Mace              |       |     4 ||     4
 Cast: Foxfire           |    70 |     7 ||    77
       Scorch            |     2 |       ||     2
  Use: Scroll            |     5 |       ||     5
Armor: Robe              |     7 |     9 ||    16
Dodge: Dodged            |    15 |     9 ||    24

Table legend: (Time is in decaauts)
 A = Elapsed time spent in this place.
 B = Non-inter-level travel time spent in this place.
 C = Inter-level travel time spent in this place.
 D = Time resting spent in this place.
 E = Time spent auto-exploring this place.
 F = Levels seen in this place.
 G = Mean time per level.
                   A        B        C        D        E       F      G
               +--------+--------+--------+--------+--------+-----+--------+
         Total |   2351 |   2317 |     34 |      0 |   1933 |   3 |  783.7 |
       Dungeon |   2351 |   2317 |     34 |      0 |   1933 |   3 |  783.7 |
               +--------+--------+--------+--------+--------+-----+--------+

Top non-repeatable levels by time:
     D:1: 1144 daAuts
     D:2: 1041 daAuts
     D:3: 166 daAuts
